 Dungeon Crawl Stone Soup version 0.27.0-1-g7a089689b8 (webtiles) character file.

Game seed: 6782458767992051478

215 Malachi the Sneak (level 5, -4/41 HPs)
             Began as a Vampire Berserker on Aug 13, 2021.
             Was a Priest of Trog.
             Slain by Eustachio (7 damage)
             ... on level 4 of the Dungeon.
             The game lasted 00:03:47 (2543 turns).

Malachi the Sneak (Vampire Berserker)               Turns: 2543, Time: 00:03:48

Health: -4/41      AC:  2    Str: 16    XL:     5   Next: 60%
Magic:  5/5        EV: 13    Int:  9    God:    Trog [***...]
Gold:   205        SH:  0    Dex: 15    Spells: 4/4 levels left

rFire    + . .     SeeInvis +   a - +0 short sword (vamp)
rCold    + . .     Faith    .   (no shield)
rNeg     + . .     Spirit   .   b - +0 animal skin
rPois    .         Reflect  .   (no helmet)
rElec    .         Harm     .   l - scarf {rC+ rF+}
rCorr    +         Rampage  .   (no gloves)
Will     ++...                  (no boots)
Stlth    +++.......             (no amulet)
HPRegen  1.33/turn              g - ring of resist corrosion
MPRegen  0.09/turn              c - ring of positive energy

@: strong-willed (expiring), on berserk cooldown, regenerating (expiring),
slowed, very slow
A: alive, fangs 3, see invisible, vampiric 2
a: Exsanguinate, Renounce Religion, Berserk, Trog's Hand


You were on level 4 of the Dungeon.
You worshipped Trog.
Trog was most pleased with you.
You visited 1 branch of the dungeon, and saw 4 of its levels.

You collected 205 gold pieces.

Inventory:

Hand Weapons
 a - a +0 vampiric short sword (weapon)
Armour
 b - a +0 animal skin (worn)
 l - a scarf of resistance (worn)
Jewellery
 c - a ring of positive energy (right hand)
 g - a ring of resist corrosion (left hand)
 j - a ring of protection from fire
Scrolls
 d - 8 scrolls of identify
 h - 4 scrolls of teleportation
 k - a scroll of vulnerability {unknown}
Potions
 e - a potion of mutation {unknown}
 f - 3 potions of curing
 i - a potion of lignification {unknown}


   Skills:
 + Level 3.5 Fighting
 + Level 4.7 Short Blades
 + Level 1.6 Armour
 * Level 3.0 Dodging
 * Level 5.0 Stealth


You had 4 spell levels left.
You didn't know any spells.
Your spell library was empty.

Dungeon Overview and Level Annotations

Branches:
Dungeon (4/15)
 Temple: D:4-7

Altars:

Annotations:
D:4 Eustachio


Innate Abilities, Weirdness & Mutations

Your natural rate of healing is accelerated.
You have razor-sharp teeth.
You have supernaturally acute eyesight. (SInv)
You are afflicted with vampirism and can become a bat while bloodless.


Message History

The river rat barely misses you. The quokka barely misses you.
You hit the river rat.
The river rat is lightly wounded.
The quokka closely misses you. The river rat bites you!
Eustachio barely misses you.
You hit Eustachio. You bite Eustachio.
Eustachio is heavily wounded.
The quokka barely misses you. The river rat bites you.
Eustachio hits you with a +0 falchion!
* * * LOW HITPOINT WARNING * * *
The quokka bites you.
* * * LOW HITPOINT WARNING * * *
Eustachio gestures wildly while chanting.
Eustachio blinks!
The river rat bites you.
* * * LOW HITPOINT WARNING * * *
Eustachio casts a spell.
The river rat misses you.
Eustachio mumbles some strange words.
Eustachio blinks!
Eustachio casts a spell.
Eustachio blinks!
The quokka bites you.
* * * LOW HITPOINT WARNING * * *
The quokka bites you.
* * * LOW HITPOINT WARNING * * *
The quokka closely misses you.
Okay, then.
Your skin crawls.
You feel strong-willed. The quokka closely misses you. The quokka misses you.
The quokka closely misses you.
The river rat twitches its whiskers.
The river rat completely misses you.
Eustachio casts a spell.
Eustachio blinks!
The river rat closely misses you. Eustachio misses you. The quokka misses you.
You feel the effects of Trog's Hand fading.
Eustachio hits you with a +0 falchion!
* * * LOW HITPOINT WARNING * * *
The quokka misses you. Eustachio hits you with a +0 falchion!
You die...

.........# ###......#
......#### ........#
......# #.......# ......#
#.......#
......#########.......#
......................#
......##########......###
......# ...............#
......#. #..####@@....#.#
......#. #..# ##rr..##.#
......#.##..#####........
......#..#..##........#..
......#..#..##.##.....# #
#.............#....
#..#..##.###..#####
##.r.............
...>.........#.#..####


You could see Eustachio, a river rat (summoned) and a quokka (summoned).

Vanquished Creatures
  An ogre (D:3)
  4 adders (D:2)
  3 worms
  3 dart slugs
  8 ball pythons
  4 bats
  8 endoplasms
  3 giant cockroaches
  6 goblins
  6 hobgoblins
  8 jackals
  3 kobolds
  2 quokkas
  3 frilled lizards
  14 rats
76 creatures vanquished.

Notes
Turn   | Place    | Note
-------+----------+-------------------------------------------
     0 | D:1      | Malachi the Vampire Berserker began the quest for the Orb.
     0 | D:1      | Reached XP level 1. HP: 17/17 MP: 1/1
    67 | D:1      | Found a faded altar of an unknown god.
   128 | D:1      | Reached skill level 1 in Stealth
   130 | D:1      | Reached XP level 2. HP: 23/23 MP: 2/2
   241 | D:1      | Reached skill level 2 in Stealth
   411 | D:1      | Reached ** piety under Trog
   419 | D:1      | Gained mutation: You are afflicted with vampirism and can
                  | become a bat while bloodless. [Vampire growth]
   419 | D:1      | Reached XP level 3. HP: 26/29 MP: 3/3
   973 | D:2      | Reached XP level 4. HP: 32/35 MP: 4/4
  1349 | D:2      | Reached skill level 3 in Stealth
  1799 | D:3      | Noticed an ogre
  1998 | D:3      | Killed an ogre
  1999 | D:3      | Reached skill level 5 in Stealth
  1999 | D:3      | Reached XP level 5. HP: 41/41 MP: 5/5
  1999 | D:3      | Reached *** piety under Trog
  2516 | D:4      | Noticed Eustachio
  2536 | D:4      | HP: 2/41 [quokka[Eustachio] (4)]
  2542 | D:4      | HP: 1/41 [Eustachio (10)]
  2543 | D:4      | Slain by Eustachio

Illustrated notes

Levels and vault maps discovered:
D:1:      onia_arrival_mini_maze, layout_rooms, basic_ecumenical_altar
D:2:      layout_basic, minivault_4
D:3:      layout_rooms
D:4:      layout_basic, gammafunk_temple_overflow_claw, uniq_eustachio

Skill      XL: |  1  2  3  4  5 |
---------------+----------------+-----
Stealth        | 1 2 5 |  5.0
Fighting       | 3 |  3.5
Short Blades   | 4 |  4.7
Dodging        | 3 |  3.0
Armour         | |  1.6

Action                   |  1- 3 |  4- 6 || total
-------------------------+-------+-------++-------
Melee: Short sword       |   119 |    97 ||   216
       Bite              |    14 |    10 ||    24
Invok: Berserk           |     3 |     4 ||     7
       Trog's Hand       |       |     1 ||     1
  Use: Scroll            |       |     4 ||     4
 Stab: Sleeping          |     2 |     8 ||    10
Armor: Animal skin       |    17 |    20 ||    37
Dodge: Dodged            |    66 |    85 ||   151
